 Dungeon Crawl Stone Soup version 0.16.0-17-g811c1d7 (console) character file.

7338 gw the Cleaver (level 11, -1/95 HPs)
             Began as a Hill Orc Fighter on Mar 22, 2015.
             Was a Priest of Beogh.
             Slain by an ice beast (8 damage)
             ... summoned by an ice statue
             ... on level 9 of the Dungeon.
             The game lasted 00:14:41 (11618 turns).

gw the Cleaver (Hill Orc Fighter)                  Turns: 11618, Time: 00:14:42

Health: -1/95      AC: 18    Str: 20      XL:     11   Next: 13%
Magic:  11/11      EV:  6    Int:  8      God:    Beogh [***...]
Gold:   529        SH: 12    Dex: 11 (13) Spells: 0 memorised, 10 levels left

rFire  . . .     SeeInvis +     a - +2 war axe
rCold  . . .     Clarity  .     g - +0 plate armour
rNeg   . . .     SustAb   .     c - +0 shield
rPois  .         Gourm    .     (helmet restricted)
rElec  .         Spirit   .     t - +0 cloak
rCorr  .         Warding  .     (no gloves)
rMut   .         Stasis   .     k - +0 pair of boots
MR     .....                    (no amulet)
Stlth  ..........               w - ring of see invisible
                                x - +1 ring of evasion

@: very slightly contaminated, not resistant to hostile enchantments, extremely
unstealthy
A: horns 1
a: Smiting, Renounce Religion


You were on level 9 of the Dungeon.
You worshipped Beogh.
Beogh was most pleased with you.
You were not hungry.

You visited 1 branch of the dungeon, and saw 9 of its levels.

You collected 529 gold pieces.

Inventory:

Hand weapons
 a - a +2 war axe (weapon)
Missiles
 m - 40 poisoned needles
 o - 184 stones (quivered)
Armour
 c - a +0 shield (worn)
 g - a +0 plate armour (worn)
 k - a +0 pair of boots (worn)
 t - a +0 cloak (worn)
Jewellery
 w - a ring of see invisible (right hand)
 x - a +1 ring of evasion (left hand)
Magical devices
 e - a wand of digging (6)
 r - a wand of frost (10)
 u - a wand of paralysis (11)
 A - a wand of lightning (0)
 B - a wand of magic darts (29)
 D - a wand of teleportation (0)
Scrolls
 f - 9 scrolls of identify
 y - a scroll of remove curse
 z - a scroll of recharging
Potions
 h - 3 potions of restore abilities
 j - 5 potions of curing
 p - a potion of beneficial mutation
 C - a potion of mutation {unknown}
Comestibles
 d - 9 meat rations
 i - 37 fruits
 l - 2 slices of pizza
 n - 6 bread rations
 s - 2 chunks of flesh
 v - 2 beef jerkies


   Skills:
 + Level 8.9 Fighting
 * Level 12.6 Axes
 + Level 6.8 Throwing
 + Level 8.5 Armour
 + Level 8.0 Shields


You had 10 spell levels left.
You didn't know any spells.

Dungeon Overview and Level Annotations

Branches:
Dungeon (9/15)             Temple (0/1) D:6             Orc (0/4) D:9
   Lair: D:8-11

Altars:
Cheibriados
Gozag
Makhleb
Nemelex Xobeh
Okawaru
Ru
Yredelemnul
The Shining One

Shops:
D:6 [

Annotations:
D:2 exclusion: downstairs
D:5 exclusion: downstairs
D:7 exclusion: downstairs


Innate Abilities, Weirdness & Mutations

You have a pair of small horns on your head.


Message History

Unknown command.
MOVING TO (2,-2) Unknown command.
Unknown command.
Unknown command.
FLEEEEING!
ATTACKING (0,1)
Your plate armour prevents you from hitting the ice beast.
You block the ice beast's attack.
Unknown command.
Unknown command.
Unknown command.
Unknown command.
FLEEEEING!
ATTACKING (0,1)
You hit the ice beast.
You headbutt the ice beast, but do no damage.
The ice beast is moderately wounded.
The ice beast hits you. The ice beast freezes you!
You die...

#..# #.##############..#
.....>............###############
.................................
.................................
#############....................
########.............
#......#.............
###.##o#.#[...%........
#.'Y.#Y#.'.............
#.'.#.#..'.............
#########.#.#.##.#.............
...........#......#.............
##..........########.............
.########.### #..###############
..........# #..# ..(......## #..#


You could see an ice beast.

Table legend:
 A = Turns spent in this place as a percentage of turns spent in the entire game.
 B = Non-inter-level travel turns spent in this place as a percentage of non-inter-level travel turns spent in the entire game.
 C = Inter-level travel turns spent in this place as a percentage of turns spent in this place.
 D = Turns resting spent in this place as a percentage of non-inter-level travel turns spent in this place.
 E = Turns spent auto-exploring this place as a percentage of non-inter-level travel turns spent in this place.
 F = Non-inter-level travel turns spent in this place divided by the number of levels of this place that you've seen.
                   A       B       C       D       E      F
               +-------+-------+-------+-------+-------+----------------------
         Total | 100.0 | 100.0 |   0.4 |   1.0 |   2.3 | 2046.6
       Dungeon | 100.0 | 100.0 |   0.4 |   1.0 |   2.3 | 2046.6
               +-------+-------+-------+-------+-------+----------------------

Table legend:
 A = Kills in this place as a percentage of kills in entire the game.
 B = Kills by you in this place as a percentage of kills by you in the entire game.
 C = Kills by friends in this place as a percentage of kills by friends in the entire game.
 D = Other kills in this place as a percentage of other kills in the entire game.
 E = Experience gained in this place as a percentage of experience gained in the entire game.
 F = Experience gained in this place divided by the number of levels of this place that you have seen.
                   A       B       C       D       E      F
               +-------+-------+-------+-------+-------+----------------------
         Total | 100.0 | 100.0 |  -nan |  -nan | 100.0 | 1164.9
       Dungeon | 100.0 | 100.0 |  -nan |  -nan | 100.0 | 1164.9
               +-------+-------+-------+-------+-------+----------------------

Vanquished Creatures
  2 centaur warriors (D:8)
  Pikel (D:5)
  A manticore (D:8)
  A komodo dragon (D:6)
  A two-headed ogre (D:9)
  Grinder (D:5)
  2 ravens (D:8)
  Eustachio (D:8)
  A hungry ghost (D:9)
  2 water moccasins
  6 ice beasts
  4 sky beasts
  A wasp (D:8)
  2 centaurs (D:6)
  A slave (D:5)
  3 orc warriors
  3 big kobolds
  Duvessa (D:7)
  5 ogres
  Blork the orc (D:5)
  5 giant frogs
  A scorpion (D:4)
  5 wights (D:7)
  Dowan (D:7)
  5 crimson imps
  9 worker ants
  Crazy Yiuf (D:5)
  A centaur skeleton (D:4)
  2 giant frog skeletons
  3 hounds
  4 jellies
  3 iguanas
  A quasit (D:8)
  2 orc wizards
  A killer bee zombie (D:7)
  Ijyb (D:4)
  A mummy (D:6)
  A hound zombie (D:8)
  A hound skeleton (D:7)
  A worker ant zombie (D:8)
  4 gnolls (D:3)
  5 adders
  7 giant mites
  6 worms
  4 adder skeletons
  An ooze (D:3)
  14 orcs
  12 bats
  A bat skeleton (D:8)
  10 giant cockroaches
  17 goblins
  16 hobgoblins
  5 jackals (D:2)
  6 quokkas
  4 giant geckos
  3 giant newts
  A giant spore (D:8)
  26 kobolds
  12 rats
  5 ballistomycetes (D:8)
248 creatures vanquished.

Vanquished Creatures (others)
  2 orc priests (D:5)
  A worm (D:5)
  6 orcs (D:5)
9 creatures vanquished.

Grand Total: 257 creatures vanquished

Notes
Turn   | Place    | Note
--------------------------------------------------------------
     0 | D:1      | gw, the Hill Orc Fighter, began the quest for the Orb.
     0 | D:1      | Reached XP level 1. HP: 19/19 MP: 1/1
   228 | D:1      | Reached skill level 1 in Throwing
   228 | D:1      | Reached XP level 2. HP: 27/27 MP: 2/2
   648 | D:2      | Reached XP level 3. HP: 33/33 MP: 3/3
  1003 | D:2      | Reached skill level 4 in Fighting
  1239 | D:2      | Reached XP level 4. HP: 40/40 MP: 4/4
  1954 | D:2      | Gained mutation: You have a pair of small horns on your head. [potion of beneficial mutation]
  2069 | D:3      | Found a sacrificial altar of Ru.
  2150 | D:3      | Noticed an ogre
  2499 | D:3      | Reached XP level 5. HP: 46/46 MP: 5/5
  2929 | D:3      | Found a basalt altar of Yredelemnul.
  3037 | D:3      | Killed an ogre
  3037 | D:3      | Reached XP level 6. HP: 15/53 MP: 6/6
  3522 | D:4      | Reached skill level 5 in Axes
  3683 | D:4      | Reached skill level 5 in Fighting
  3727 | D:4      | Reached XP level 7. HP: 61/61 MP: 7/7
  3988 | D:4      | Noticed Ijyb
  4001 | D:4      | Killed Ijyb
  4067 | D:4      | Reached skill level 5 in Armour
  4213 | D:4      | Found a glowing golden altar of the Shining One.
  4218 | D:4      | Found a snail-covered altar of Cheibriados.
  4222 | D:4      | Found a sparkling altar of Nemelex Xobeh.
  4377 | D:5      | Entered Level 5 of the Dungeon
  4386 | D:5      | Noticed Grinder
  4393 | D:5      | Killed Grinder
  4393 | D:5      | Reached skill level 6 in Axes
  4683 | D:5      | Became a worshipper of Beogh the Brigand
  4961 | D:5      | Noticed Blork the orc
  4969 | D:5      | Killed Blork the orc
  4969 | D:5      | Reached XP level 8. HP: 48/69 MP: 8/8
  5204 | D:5      | Reached skill level 7 in Axes
  5236 | D:5      | Noticed Pikel
  5398 | D:5      | Killed Pikel
  5398 | D:5      | Reached skill level 8 in Axes
  5398 | D:5      | Reached skill level 5 in Shields
  5847 | D:5      | Found a burning altar of Makhleb.
  6003 | D:5      | Noticed Crazy Yiuf
  6009 | D:5      | Killed Crazy Yiuf
  6329 | D:6      | Found Xual's Armour Boutique.
  6357 | D:6      | Acquired Beogh's first power
  6627 | D:6      | Reached XP level 9. HP: 69/78 MP: 9/9
  6628 | D:6      | Found an opulent altar of Gozag.
  6772 | D:6      | Reached skill level 9 in Axes
  7032 | D:6      | Found a staircase to the Ecumenical Temple.
  7098 | D:6      | Noticed a komodo dragon
  7403 | D:6      | Killed a komodo dragon
  7403 | D:6      | Reached skill level 5 in Throwing
  7730 | D:7      | Found an opulent altar of Gozag.
  7848 | D:7      | Noticed Duvessa
  7859 | D:7      | Killed Duvessa
  7860 | D:7      | Noticed Dowan
  7865 | D:7      | Killed Dowan
  7865 | D:7      | Reached skill level 10 in Axes
  7953 | D:7      | Found a burning altar of Makhleb.
  7985 | D:7      | Acquired Beogh's second power
  8127 | D:7      | Found an iron altar of Okawaru.
  8763 | D:7      | Reached XP level 10. HP: 86/86 MP: 6/10
  8887 | D:8      | Noticed a centaur warrior
  8920 | D:8      | Killed a centaur warrior
  8920 | D:8      | Reached skill level 11 in Axes
  9041 | D:8      | Noticed a manticore
  9048 | D:8      | Killed a manticore
  9364 | D:8      | Noticed a centaur warrior
  9371 | D:8      | Killed a centaur warrior
  9970 | D:8      | Reached skill level 12 in Axes
 10005 | D:8      | Noticed Eustachio
 10015 | D:8      | Killed Eustachio
 10277 | D:8      | Reached XP level 11. HP: 89/95 MP: 11/11
 11209 | D:9      | Acquired Beogh's third power
 11339 | D:9      | Found a staircase to the Orcish Mines.
 11539 | D:9      | Noticed an ice statue
 11593 | D:9      | HP: 4/95 [ice beast[an ice statue] (13)]
 11618 | D:9      | Slain by an ice beast

Action                   |  1- 3 |  4- 6 |  7- 9 | 10-12 || total
-------------------------+-------+-------+-------+-------++-------
Melee: War axe           |    70 |   105 |   207 |   144 ||   526
Throw: Stone             |    58 |   150 |    96 |    44 ||   348
       Tomahawk          |       |       |    77 |    73 ||   150
Invok: Convert to Beogh  |       |       |     1 |       ||     1
       Smiting           |       |       |     1 |     1 ||     2
Evoke: Wand              |       |       |     2 |     4 ||     6
  Use: Potion            |     4 |     3 |     5 |     4 ||    16
       Scroll            |     3 |     5 |     5 |     2 ||    15
 Stab: Invisible         |       |     2 |       |       ||     2
       Paralysed         |       |     1 |       |       ||     1
  Eat: Chunk             |     1 |     9 |    16 |     5 ||    31
       Meat ration       |       |       |       |     1 ||     1

Vault maps used:
D:1:      minmay_arrival_solitary_statue
D:3:      yredelemnul_altar_generic, first_bread,
          nicolae_ru_great_annihilating_truth
D:4:      minmay_overflow_temple_star_quad, gup_sewer_entry_pipe, uniq_iyjb
D:5:      basic_altar, kennysheep_decorative_pillar, uniq_crazy_yiuf_cottage,
          uniq_blork_the_orc, uniq_pikel, uniq_grinder
D:6:      minmay_temple_entry_overgrown, serial_shops,
          nicolae_shop_behind_doors, grunt_gozag_statues
D:7:      lemuel_crystal_altar, nicolae_overflow_crystal_walls,
          okawaru_metal_pillars_1_2, kennysheep_generic_room_7, uniq_duvessa
D:8:      hangedman_cross_stitches, blue_anna_alchemist, roderic_ravens_nest,
          uniq_eustachio
D:9:      minmay_statue_hallways, vehumet_statue, orc_0_dummy, serial_shops,
          nicolae_shop_stone, kennysheep_generic_room_12
